 Dungeon Crawl Stone Soup version 0.22-a0-779-g6f83d72c62 (webtiles) character file.

13 Faustar the Cudgeler (level 2, 0/22 HPs)
             Began as a Human Wanderer on July 19, 2018.
             Killed from afar by a dart slug (5 damage)
             ... with a slug dart
             ... on level 1 of the Dungeon.
             The game lasted 00:00:36 (55 turns).

Faustar the Cudgeler (Human Wanderer)                 Turns: 55, Time: 00:00:37

Health: 0/22       AC:  5    Str: 12    XL:     2   Next: 50%
Magic:  3/3        EV: 10    Int: 13    God:
Gold:   0          SH:  0    Dex: 11    Spells: 3/3 levels left

rFire    . . .     SeeInvis .   c - +0 mace
rCold    . . .     Gourm    .   (no shield)
rNeg     . . .     Faith    .   b - +0 ring mail
rPois    .         Spirit   .   (no helmet)
rElec    .         Reflect  .   (no cloak)
rCorr    .         Harm     .   (no gloves)
MR       .....                  (no boots)
Stlth    +.........             (no amulet)
HPRegen  0.07/turn              (no ring)
MPRegen  0.08/turn              (no ring)

@: no status effects
A: no striking features
a: no special abilities


You were on level 1 of the Dungeon.
You were not hungry.

You visited 1 branch of the dungeon, and saw 1 of its levels.

Inventory:

Hand Weapons
 c - a +0 mace (weapon)
Armour
 b - a +0 ring mail (worn)
Comestibles
 d - a ration


   Skills:
 - Level 2.0 Fighting
 + Level 2.3 Maces & Flails
 - Level 2.0 Armour
 - Level 1.0 Spellcasting
   Level 2.0 Ice Magic
   Level 2.0 Evocations


You had 3 spell levels left.
You didn't know any spells.
Your spell library contained the following spells:

 Spells                   Type           Power        Failure   Level  Hunger
 Magic Dart               Conj           #...         52%         1    ##.....
 Conjure Flame            Conj/Fire      #.......     88%         3    ####...
 Slow                     Hex            #.......     67%         2    ###....
 Mephitic Cloud           Conj/Pois/Air  #.......     88%         3    ####...
 Blink                    Tloc           N/A          67%         2    ###....
 Call Imp                 Summ           #.......     67%         2    ###....


Dungeon Overview and Level Annotations

Branches:
Dungeon (1/15)

Altars:


Message History

The hobgoblin is moderately wounded.
The hobgoblin hits you but does no damage.
You hit the hobgoblin.
You kill the hobgoblin!
There is a staircase leading out of the dungeon, spattered with blood here.
Things that are here:
a club; a hobgoblin corpse You hit the dart slug.
The dart slug is severely wounded.
The dart slug barely misses you.
You hit the dart slug but do no damage.
The dart slug is severely wounded.
The dart slug launches a dart at you. The slug dart hits you!
* * * LOW HITPOINT WARNING * * *
You hit the dart slug.
The dart slug is severely wounded.
The dart slug launches a dart at you. The slug dart hits you!
You die...

### .. .. ...
#######.. ....
#...... . ###....
#.......#.
.....w..
(.#.#.#.#........
..#.#.#.#.......
#.#.#.#g.......
#.#@#.#.......
#†#w#..l.l...
#.#.#.#.......
#.#.#.#..#...g.
..#.# #.#.......
..... ......$..
...... ........
..... ..... .....
.$...


You could see a dart slug.

Vanquished Creatures
  2 leopard geckos (D:1)
  3 hobgoblins (D:1)
  A kobold (D:1)
  A bat (D:1)
  A frilled lizard (D:1)
  3 rats (D:1)
11 creatures vanquished.

Notes
Turn   | Place    | Note
-------+----------+-------------------------------------------
     0 | D:1      | Faustar the Human Wanderer began the quest for the Orb.
     0 | D:1      | Faustar set off with: a +0 ring mail, a +0 mace, a ration
     0 | D:1      | Reached XP level 1. HP: 16/16 MP: 2/2
    26 | D:1      | Reached XP level 2. HP: 15/22 MP: 3/3
    55 | D:1      | Killed from afar by a dart slug

Vault maps used:
D:1:      lightli_arrival_chessboard, serial_forest,
          infiniplex_forest_clump_large, infiniplex_forest_end_2,
          infiniplex_forest_zigzag_1, infiniplex_forest_lined_4_way,
          infiniplex_forest_end_2, corexii_hall_statues_x

Skill      XL: |  1 |
---------------+----+-----
Maces & Flails | 2 |  2.3
Fighting       | |  2.0
Armour         | |  2.0
Spellcasting   | |  1.0
Ice Magic      | |  2.0
Evocations     | |  2.0

Action                   || total
-------------------------++-------
Melee: Mace              ||    38
Armor: Ring mail         ||    22
Dodge: Dodged            ||    26

Table legend:
 A = Spawn XP
 B = Non-spawn XP
 C = Spawn XP percentage of total XP
 D = Spawn monster count
 E = Non-spawn monster count
 F = Spawn count percentage of total count
 G = Total turns spent on level
                    A         B        C        D         E        F      G
               +---------+---------+-------+---------+---------+-------+---------
         Total |       0 |      19 |   0.0 |       0 |      11 |   0.0 |    55
               +---------+---------+-------+---------+---------+-------+---------
           D:1 |       0 |      19 |   0.0 |       0 |      11 |   0.0 |    55
               +---------+---------+-------+---------+---------+-------+---------
